 Dungeon Crawl Stone Soup version 0.23.2-30-g0e89c35649 (webtiles) character file.

Game seed: 375249089207045306

732561 DildoBatman the Petrodigitator (level 27, -3/196 (197) HPs)
             Began as a Formicid Wizard on June 18, 2019.
             Was an Initiate of Gozag.
             Blown up by an eye of devastation (23 damage)
             ... with a bolt of energy
             ... on level 3 of the Pits of Slime.
             The game lasted 06:05:51 (65870 turns).

DildoBatman the Petrodigitator (Formicid Wizard)   Turns: 65870, Time: 06:05:51

HP:   -3/196 (197)  AC: 35    Str: 21      XL:     27
MP:   39/51         EV: 22    Int: 28      God:    Gozag
Gold: 6641          SH: 28    Dex:  9 (11) Spells: 13/66 levels left

rFire    + + .     SeeInvis +   a - +7 glaive "Min Ocve" {freeze, rN+ MR+}
rCold    . . .     Gourm    .   p - +5 shield {AC+3}
rNeg     + + .     Faith    .   o - +4 troll leather armour
rPois    .         Spirit   .   (helmet unavailable)
rElec    +         Reflect  +   u - +2 cloak of the Thief {+Fog Slay-2 SInv Stlth+}
rCorr    +         Harm     .   e - +3 pair of gauntlets of War {Slay+5}
MR       +++..                  f - +2 pair of boots {run}
Stlth    ++++......             g - amulet "Fouhoul" {Reflect rElec Str+6 SH+6}
HPRegen  0.82/turn              t - ring of Peschu {rF++ rN+ EV+6 Dex+2}
MPRegen  0.32/turn              W - ring of resist corrosion

@: icy armour, gold aura, very slightly contaminated, quick
A: permanent stasis, dig shafts and tunnels, four strong arms, antennae 3, large
bone plates 1, high mp 1, electricity resistance
}: 4/15 runes: barnacled, silver, golden, gossamer
a: Dig, Shaft Self, Potion Petition, Call Merchant, Bribe Branch, Renounce
Religion, Evoke Fog


You were on level 3 of the Pits of Slime.
You worshipped Gozag.
Gozag was greatly pleased with you.
You were not hungry.

You visited 12 branches of the dungeon, and saw 54 of its levels.
You visited 1 bazaar.
You also visited: Gauntlet, Ice Cave and Volcano.

You collected 34441 gold pieces.
You spent 14779 gold pieces at shops.
You paid 13021 gold pieces to Gozag.

Inventory:

Hand Weapons
 a - the +7 glaive "Min Ocve" (weapon) {freeze, rN+ MR+}
   (You took it off a minotaur in a Gauntlet)

   It has been specially enchanted to freeze those struck by it, causing extra
   injury to most foes and up to half again as much damage against particularly
   susceptible opponents.
   It can also slow down cold-blooded creatures.
   It protects you from negative energy.
   It affects your resistance to hostile enchantments.
 b - the +1 trident of Blood {elec, *Noise Int+8 Dex+4 Stlth+}
   (You found it on level 3 of the Elven Halls)

   Occasionally, upon striking a foe, it will discharge some electrical energy
   and cause terrible harm.
   It affects your intelligence (+8).
   It affects your dexterity (+4).
   It may make noises in combat.
   It makes you more stealthy.
Armour
 e - the +3 pair of gauntlets of War (worn) {Slay+5}
   (You acquired it on level 5 of the Depths)

   It affects your accuracy and damage with ranged weapons and melee attacks
   (+5).
 f - a +2 pair of boots of running (worn)
 o - a +4 troll leather armour (worn)
 p - a +5 shield of protection (worn)
 u - the +2 cloak of the Thief (worn) {+Fog Slay-2 SInv Stlth+}
   (You bought it in a shop on level 1 of the Depths)

   It affects your accuracy and damage with ranged weapons and melee attacks
   (-2).
   It lets you see invisible.
   It makes you more stealthy.
Magical Staves
 E - an uncursed staff of energy
Jewellery
 g - the amulet "Fouhoul" (around neck) {Reflect rElec Str+6 SH+6}
   (You found it on level 3 of the Elven Halls)

   [amulet of reflection]

   It shields you and reflects attacks.
   It affects your strength (+6).
   It insulates you from electricity.
   It affects your SH (+6).
 i - the ring of the Mage {Wiz MR++ Int+3}
   (You bought it in a shop on level 11 of the Dungeon)

   [ring of wizardry]

   It improves your spell success rate.
   It affects your intelligence (+3).
   It affects your resistance to hostile enchantments.
 m - the amulet of Ohous {RegenMP -Tele rPois rN++}
   (You found it on level 3 of the Crypt)

   [amulet of magic regeneration]

   It increases your magic regeneration.
   It protects you from poison.
   It greatly protects you from negative energy.
   It prevents most forms of teleportation.
 t - the ring of Peschu (left hand) {rF++ rN+ EV+6 Dex+2}
   (You bought it in a shop on level 2 of the Orcish Mines)

   [ring of evasion]

   It affects your evasion (+6).
   It affects your dexterity (+2).
   It greatly protects you from fire.
   It protects you from negative energy.
 W - a ring of resist corrosion (right hand)
Wands
 y - a wand of acid (20)
 G - a wand of scattershot (9)
 I - a wand of clouds (4)
 Y - a wand of iceblast (47)
Scrolls
 n - 2 scrolls of summoning
 r - 9 scrolls of fog
 x - 27 scrolls of remove curse
 z - 26 scrolls of identify
 C - 3 scrolls of magic mapping
 O - 6 scrolls of fear
Potions
 h - 6 potions of heal wounds
 j - 4 potions of agility
 k - 3 potions of might
 D - 10 potions of brilliance
 F - 6 potions of ambrosia
 N - 2 potions of magic
 Q - 4 potions of cancellation
 T - 32 potions of curing
Miscellaneous
 d - a lamp of fire (inert)
 l - a lightning rod (2/4)
 q - a phantom mirror
 A - a sack of spiders
 P - a phial of floods
 S - a box of beasts
Comestibles
 v - 25 rations


   Skills:
 - Level 12.0 Fighting
   Level 4.0 Short Blades
 - Level 10.0 Polearms
 - Level 12.0 Armour
 - Level 10.0 Dodging
 - Level 6.0 Stealth
 - Level 15.0 Shields
 - Level 20.0 Spellcasting
 * Level 8.9 Conjurations
 - Level 10.0 Hexes
 - Level 8.1 Charms
 - Level 10.0 Summonings
 - Level 19.0 Necromancy
   Level 0.8 Translocations
 - Level 19.0 Transmutations
   Level 4.0 Fire Magic
 - Level 10.1 Ice Magic
 * Level 12.2 Air Magic
 O Level 27 Earth Magic
   Level 8.1 Poison Magic
 - Level 12.0 Evocations


You had 13 spell levels left.
You knew the following spells:

 Your Spells              Type           Power        Failure   Level  Hunger
a - Borgnjor's Vile Clut  Necr/Erth      ########..   0%          5    None
b - Sublimation of Blood  Necr           #######...   0%          2    None
c - Spectral Weapon       Hex/Chrm       ######..     1%          3    None
d - Necromutation         Tmut/Necr      #######...   4%          8    #####..
e - Regeneration          Chrm/Necr      #######...   1%          3    None
f - Ozocubu's Armour      Chrm/Ice       ######..     1%          3    None
g - Aura of Abjuration    Summ           ######....   1%          5    None
h - Dispel Undead         Necr           #######.     1%          5    None
i - Deflect Missiles      Chrm/Air       ######....   3%          6    None
j - Silence               Hex/Air        ######....   1%          5    None
k - Chain Lightning       Conj/Air       ######....   80%         8    #####..

Your spell library contained the following spells:

 Spells                   Type           Power        Failure   Level  Hunger
 Animate Skeleton         Necr           N/A          0%          1    None
 Beastly Appendage        Tmut           ######       0%          1    None
 Pain                     Necr           ####         0%          1    None
 Corpse Rot               Necr           N/A          0%          2    None
 Sticks to Snakes         Tmut           #######.     0%          2    None
 Stone Arrow              Conj/Erth      ######       0%          3    None
 Vampiric Draining        Necr           #######...   0%          3    None
 Animate Dead             Necr           N/A          0%          4    None
 Leda's Liquefaction      Hex/Erth       #######...   0%          4    None
 Petrify                  Tmut/Erth      ########     0%          4    None
 Apportation              Tloc           ####..       1%          1    None
 Confusing Touch          Hex            ######       1%          1    None
 Corona                   Hex            ######.      1%          1    None
 Flame Tongue             Conj/Fire      #####        1%          1    None
 Freeze                   Ice            ####         1%          1    None
 Infusion                 Chrm           ####         1%          1    None
 Magic Dart               Conj           ####         1%          1    None
 Shock                    Conj/Air       ####         1%          1    None
 Sting                    Conj/Pois      ####         1%          1    None
 Summon Butterflies       Summ           ######..     1%          1    None
 Summon Small Mammal      Summ           ####         1%          1    None
 Call Imp                 Summ           ######..     1%          2    None
 Ensorcelled Hibernation  Hex/Ice        ######       1%          2    None
 Poisonous Vapours        Pois/Air       ######       1%          2    None
 Shroud of Golubria       Chrm/Tloc      ######....   1%          2    None
 Slow                     Hex            ######..     1%          2    None
 Song of Slaying          Chrm           ######..     1%          2    None
 Swiftness                Chrm/Air       ######..     1%          2    None
 Throw Flame              Conj/Fire      ######       1%          2    None
 Throw Frost              Conj/Ice       ######       1%          2    None
 Call Canine Familiar     Summ           ######..     1%          3    None
 Confuse                  Hex            ######..     1%          3    None
 Conjure Flame            Conj/Fire      ######..     1%          3    None
 Dazzling Spray           Conj/Hex       ######       1%          3    None
 Ignite Poison            Fire/Tmut/Pois ######..     1%          3    None
 Inner Flame              Hex/Fire       ######..     1%          3    None
 Mephitic Cloud           Conj/Pois/Air  ######..     1%          3    None
 Portal Projectile        Hex/Tloc       ######       1%          3    None
 Recall                   Summ/Tloc      N/A          1%          3    None
 Spider Form              Tmut/Pois      #######...   1%          3    None
 Static Discharge         Conj/Air       ######..     1%          3    None
 Summon Guardian Golem    Hex/Summ       ######..     1%          3    None
 Tukima's Dance           Hex            ######..     1%          3    None
 Airstrike                Air            #######...   1%          4    None
 Ice Form                 Ice/Tmut       #######.     1%          4    None
 Olgreb's Toxic Radiance  Pois           ######..     1%          4    None
 Sticky Flame             Conj/Fire      ######..     1%          4    None
 Summon Ice Beast         Ice/Summ       ######..     1%          4    None
 Summon Lightning Spire   Summ/Air       ######..     1%          4    None
 Throw Icicle             Conj/Ice       ######..     1%          4    None
 Agony                    Necr           #######.     1%          5    None
 Alistair's Intoxication  Tmut/Pois      #######.     1%          5    None
 Blade Hands              Tmut           #######...   1%          5    None
 Bolt of Draining         Conj/Necr      #######...   1%          5    None
 Bolt of Magma            Conj/Fire/Erth #######...   1%          5    None
 Irradiate                Conj/Tmut      #######...   1%          5    None
 Lightning Bolt           Conj/Air       ######....   1%          5    None
 Metabolic Englaciation   Hex/Ice        ######....   1%          5    None
 Summon Demon             Summ           ######....   1%          5    None
 Summon Mana Viper        Hex/Summ       ######..     1%          5    None
 Venom Bolt               Conj/Pois      ######....   1%          5    None
 Yara's Violent Unravell  Hex/Tmut       #######...   1%          5    None
 Death Channel            Necr           #######...   1%          6    None
 Hydra Form               Tmut           #######...   1%          6    None
 Simulacrum               Ice/Necr       #######...   1%          6    None
 Force Lance              Conj/Tloc      ######..     2%          4    None
 Gell's Gravitas          Tloc           ####......   3%          3    None
 Lesser Beckoning         Tloc           ####......   3%          3    None
 Fireball                 Conj/Fire      ######....   3%          5    None
 Conjure Ball Lightning   Conj/Air       ######....   3%          6    None
 Freezing Cloud           Conj/Ice/Air   ######....   3%          6    None
 Ozocubu's Refrigeration  Ice            ######....   3%          6    None
 Haunt                    Necr/Summ      #######...   3%          7    ####...
 Summon Forest            Summ/Tloc      ######....   4%          5    None
 Bolt of Cold             Conj/Ice       ######....   4%          6    None
 Invisibility             Hex            ######..     4%          6    None
 Shadow Creatures         Summ           N/A          4%          6    None
 Borgnjor's Revivificati  Necr           #######...   4%          8    #####..
 Infestation              Necr           #######...   4%          8    #####..
 Lehudib's Crystal Spear  Conj/Erth      #######...   7%          8    #####..
 Poison Arrow             Conj/Pois      ######....   8%          6    None
 Summon Hydra             Summ           ######....   22%         7    ####...
 Death's Door             Chrm/Necr      #######...   38%         8    #####..
 Ring of Flames           Chrm/Fire      ######....   75%         7    ####...
 Malign Gateway           Summ/Tloc      ######....   82%         7    ####...
 Dispersal                Tloc           ####......   86%         6    None
 Disjunction              Tloc           ####......   100%        8    #####..
 Ignition                 Fire           ######....   100%        8    #####..
 Fire Storm               Conj/Fire      ######....   100%        9    #######
 Glaciate                 Conj/Ice       ######....   100%        9    #######
 Blink                    Tloc           Unusable     N/A         2    N/A
 Controlled Blink         Tloc           Unusable     N/A         8    N/A

Dungeon Overview and Level Annotations

Branches:
Dungeon (15/15)            Temple (1/1) D:6            Lair (6/6) D:8
 Shoals (4/4) Lair:3       Spider (4/4) Lair:3        Slime (3/5) Lair:5
    Orc (2/2) D:12            Elf (3/3) Orc:2        Vaults (5/5) D:13
  Crypt (3/3) Vaults:3       Tomb (3/3) Crypt:3      Depths (5/5) D:15
    Zot (0/5) Depths:5

Altars:
Ashenzari
Cheibriados
Dithmenos
Elyvilon
Fedhas
Gozag
Hepliaklqana
Kikubaaqudgha
Makhleb
Nemelex Xobeh
Okawaru
Qazlal
Ru
Sif Muna
Trog
Uskayaw
Vehumet
Wu Jian
Xom
Yredelemnul
Zin
The Shining One
Beogh

Shops:
D:9 (   D:11 *   D:13 *   Orc:2 :=![   Elf:1 }   Vaults:5 !!?   Depths:1 *
Depths:4 [[*[[

Portals:
Hell: Depths:1 Depths:2 Depths:3 Depths:4 Depths:5
Abyss: Depths:4 Depths:5
Pandemonium: Depths:1 Depths:2 Depths:3
Ziggurat: Depths:4
Trove: Vaults:2 (give +3 gold dragon scales)


Innate Abilities, Weirdness & Mutations

You cannot be hasted, slowed, berserked, paralysed or teleported.
You can dig through walls and to a lower floor.
Your four strong arms can wield two-handed weapons with a shield.
You have a pair of large antennae on your head. (SInv)
You are partially covered in large bone plates. (SH +4)
You have an increased reservoir of magic. (+10% MP)
You are resistant to electric shocks. (rElec)


Message History

You hit the large slime creature. You freeze the large slime creature.
The large slime creature is heavily wounded.
Your spectral weapon hits the large slime creature!!
Your spectral weapon freezes the large slime creature!
You block the slime creature's attack.
A large slime creature splits.
You catch the helpless slime creature completely off-guard!
You open the slime creature like a pillowcase!!!
You freeze the slime creature.
You kill the slime creature!
You block the slime creature's attack.
The slime creature hits your spectral weapon!
Your spectral weapon shares its damage with you!
The eye of devastation gazes at you.
The bolt of energy hits your spectral weapon!!
Your spectral weapon shares its damage with you!
Your spectral weapon fades away.
The bolt of energy hits you!!
You die...

...................
..........$☼....##
.........$.○.......
##.......$§......#.
###.##.☼$☼.##....#
# ###...## .....
##.GJ$.# ....
#..$$..# ...
##..@J..## ...
#........#
##......## ###.#.##
#####


You could see 2 slime creatures and an eye of devastation.

Vanquished Creatures
  3 ancient liches
  Mennas (Vaults:4)
  A juggernaut (Depths:4)
  30 greater mummies
  Sojobo (Crypt:3)
  The ghost of Qemy the Opulent, a master GnTm of Gozag (Crypt:1)
  Boris (Vaults:4)
  The ghost of RKaid the Acolyte, a legendary GrFi of the Shining One (Crypt:1)
  Saint Roka (Crypt:3)
  Bai Suzhen (Vaults:4)
  Xtahua (Crypt:1)
  The ghost of RadRoach the Minotaur Blade, a veteran MiBe of Trog (Crypt:1)
  7 caustic shrikes
  5 golden dragons
  Jory (Crypt:1)
  5 bone dragons
  A tentacled monstrosity (Vaults:5)
  Arachne (Spider:3)
  The ghost of Hanswurst the Peltast, an adept HOWr (Spider:3)
  An Ice Fiend (IceCv)
  7 liches
  Jorgrun (D:12)
  4 quicksilver dragons
  13 titans
  2 krakens
  Asterion (Vaults:1)
  2 deep elf blademasters
  17 acid blobs
  Gastronok (Lair:3)
  A deep elf master archer (Elf:3)
  A thorn hunter (Depths:3)
  6 storm dragons
  17 ancient champions
  13 sphinxes
  9 tengu reavers
  7 shadow dragons
  Kirke (D:14)
  7 revenants
  8 fire giants
  Donald (Spider:4)
  7 deep elf sorcerers
  7 frost giants
  11 azure jellies
  3 iron dragons
  4 ghost moths
  15 vault wardens
  5 ghouls (Crypt:3)
  5 deep elf elementalists
  6 emperor scorpions
  A draconian shifter (Depths:5)
  Aizul (Vaults:3)
  6 reapers
  13 ironheart preservers
  25 very ugly things
  A curse skull (Vaults:3)
  4 war gargoyles
  21 stone giants
  5 entropy weavers
  2 green draconians (Depths:5)
  5 deep elf demonologists
  11 vampire knights
  Nessos (Lair:6)
  12 bennus
  3 black draconians
  8 deep elf annihilators
  A minotaur (Gauntlet)
  3 red draconians
  2 purple draconians (Depths:5)
  14 spark wasps
  2 white draconians (Depths:5)
  4 merfolk javelineers
  An ettin (shapeshifter) (D:15)
  13 ettins
  22 mummy priests
  13 death oozes
  8 jiangshi
  17 deep elf death magi
  17 great orbs of eyes
  A crystal guardian (Vaults:2)
  14 fire dragons
  9 merfolk impalers
  3 eidola
  20 yaktaur captains
  4 deep elf high priests
  Josephine (D:9)
  7 rakshasas
  5 hydras
  16 ice dragons
  37 vault guards
  5 death knights
  A spriggan air mage (Depths:4)
  A queen ant (Spider:4)
  Erica (D:8)
  3 merfolk aquamancers
  4 merfolk avatars
  38 two-headed ogres
  An alligator (Depths:3)
  An alligator snapping turtle (Depths:3)
  5 centaur warriors
  5 tengu warriors
  9 deep troll shamans
  4 satyrs
  5 death yaks
  2 two-headed ogres (shapeshifter)
  10 deep troll earth magi
  A titan zombie (Tomb:1)
  10 ogre magi
  Urug (Lair:1)
  A thrashing horror (Gauntlet)
  4 spriggan berserkers
  7 orc high priests
  2 vampire magi
  20 death scarabs
  27 deep elf knights
  13 hell knights
  2 storm dragon zombies (Crypt:1)
  2 sun demons (Depths:3)
  4 soul eaters
  2 shadow wraiths
  A spectral entropy weaver (Spider:3)
  A spectral spark wasp (Spider:3)
  A titan skeleton (Crypt:3)
  4 iron trolls
  3 glowing orange brains
  A sixfirhy (Depths:3)
  72 skeletal warriors
  4 fire crabs (shapeshifter)
  13 sea snakes
  A death drake (shapeshifter) (Elf:3)
  2 swamp dragons (Depths:3)
  A gelid demonspawn (Depths:3)
  4 storm dragon skeletons (Crypt:3)
  47 deep trolls
  A glowing orange brain (shapeshifter) (Vaults:5)
  A lindwurm (Depths:3)
  A shadow demon (Depths:3)
  2 unseen horrors
  16 phantasmal warriors
  8 flayed ghosts
  3 wizards
  12 ironbrand convokers
  A golden dragon skeleton (Crypt:3)
  A shadow dragon zombie (Tomb:2)
  2 anaconda skeletons (Crypt:3)
  12 deep elf archers
  A harpy (shapeshifter) (Vaults:4)
  21 harpies
  55 deep elf magi
  19 orc knights
  2 stone giant zombies
  An orange crystal statue (Elf:1)
  7 necromancers
  4 orc sorcerers
  28 orb spiders
  19 fauns
  8 shining eyes
  3 shadow dragon skeletons
  62 ugly things
  34 wolf spiders
  A shining eye (shapeshifter) (Vaults:4)
  A manticore (shapeshifter) (Depths:5)
  A salamander (shapeshifter) (Vaults:2)
  2 oklob plants (Lair:5)
  8 cyclopes
  10 manticores
  7 water nymphs
  2 moths of wrath
  2 iron dragon skeletons (Crypt:3)
  A fire giant skeleton (Crypt:3)
  A sphinx skeleton (Crypt:1)
  An eye of devastation (Depths:4)
  2 guardian serpents (D:14)
  2 rust devils
  A stone giant skeleton (Crypt:3)
  5 merfolk sirens
  3 black mambas
  An orange demon (Depths:1)
  A shock serpent zombie (Crypt:3)
  An eye of devastation (shapeshifter) (Depths:5)
  2 gargoyles
  10 vault sentinels
  A storm dragon simulacrum (Vaults:1)
  5 spectral swamp worms (Depths:2)
  3 torpor snails
  2 spiny frogs (shapeshifter)
  4 rime drakes
  A pale draconian zombie (Crypt:2)
  9 spiny frogs
  7 komodo dragons
  A yaktaur (shapeshifter) (D:15)
  An efreet (D:15)
  A catoblepas zombie (Crypt:1)
  A swamp worm zombie (Crypt:1)
  A white draconian zombie (Crypt:3)
  79 yaktaurs
  18 demonic crawlers
  7 ice devils
  9 freezing wraiths
  A hellwing (Depths:1)
  10 trolls
  3 anaconda simulacra (IceCv)
  A hydra zombie (Lair:1)
  A red devil (Depths:1)
  2 tengu conjurers
  A ghost moth simulacrum (Crypt:1)
  49 guardian mummies
  A catoblepas skeleton (Crypt:3)
  38 jumping spiders
  23 merfolk
  A wolf spider simulacrum (IceCv)
  A merfolk (shapeshifter) (Vaults:5)
  8 wind drakes
  A green draconian skeleton (Crypt:2)
  4 polar bears (Lair:6)
  Grinder (D:3)
  A wind drake (shapeshifter) (D:15)
  98 slime creatures
  2 bog bodies (Crypt:3)
  A hydra skeleton (Lair:4)
  An ice dragon zombie (Crypt:2)
  22 hornets
  10 blink frogs
  A spectral jumping spider (Spider:3)
  8 hippogriffs
  13 snapping turtles
  2 alligator zombies
  A blink frog (shapeshifter) (Vaults:5)
  6 dream sheep
  69 flying skulls
  A black mamba zombie (Crypt:1)
  7 shadows
  3 dire elephant simulacra (IceCv)
  3 ice dragon skeletons
  2 vampires (Depths:3)
  A spriggan skeleton (Depths:1)
  18 spriggans
  A tarantella (shapeshifter) (Depths:3)
  3 ettin skeletons
  99 redbacks
  37 tarantellas
  A yak (shapeshifter) (D:15)
  Eustachio (D:4)
  9 air elementals
  18 ushabtiu
  38 yaks
  13 water elementals
  5 fire elementals
  5 hogs (D:15)
  10 wraiths
  5 black mamba skeletons
  6 wyverns
  7 basilisks
  3 elf zombies
  6 steam dragons
  3 orc skeletons (Orc:2)
  2 hungry ghosts
  6 vampire mosquitoes
  7 golden eyes
  6 harpy simulacra (IceCv)
  A two-headed ogre zombie (Crypt:3)
  A spectral orb spider (Spider:3)
  7 wargs
  4 small abominations (Gauntlet)
  3 swamp worms (Gauntlet)
  19 water moccasins
  15 soldier ants
  An iron troll simulacrum (IceCv)
  An acid dragon (D:14)
  2 hydra simulacra (IceCv)
  2 spiny frog zombies
  A human skeleton (Gauntlet)
  74 orc warriors
  6 porcupines
  A spectral torpor snail (Spider:3)
  4 phantoms
  An alligator simulacrum (Tomb:1)
  A tarantella simulacrum (Spider:3)
  A sky beast (D:11)
  A hornet zombie (D:13)
  3 jumping spider simulacra (Spider:3)
  3 spiny frog skeletons
  3 elephant zombies
  8 eyes of draining
  A fire dragon simulacrum (Crypt:3)
  2 ice beasts
  A necrophage (Crypt:3)
  A blink frog zombie (Lair:1)
  4 black bears
  21 boggarts
  30 ogres
  16 centaurs
  30 wolves
  An elephant skeleton (Crypt:3)
  A manticore skeleton (Crypt:3)
  A hog skeleton (Crypt:2)
  A rime drake zombie (Lair:1)
  15 crocodiles
  A big kobold (D:8)
  A salamander zombie (Crypt:2)
  An octopode zombie (Crypt:1)
  25 bullfrogs
  A gnoll sergeant (D:8)
  2 earth elementals
  A cyclops zombie (Gauntlet)
  2 hippogriff skeletons
  2 scorpions
  A spriggan zombie (Tomb:1)
  4 water moccasin skeletons
  A troll zombie (Crypt:1)
  A warg zombie (Orc:2)
  A polar bear zombie (Lair:1)
  10 killer bees
  2 human simulacra
  A warg skeleton (Orc:2)
  11 wights
  An electric eel (D:10)
  A wolf zombie (Crypt:1)
  4 howler monkeys
  4 jellies
  2 bullfrog zombies
  9 crimson imps
  2 quasits (Depths:1)
  3 centaur zombies
  A wolf skeleton (Crypt:3)
  A draconian simulacrum (IceCv)
  An iron imp (Depths:1)
  42 orc priests
  5 bullfrog skeletons
  5 centaur skeletons
  6 hounds
  30 orc wizards
  A porcupine zombie (Crypt:3)
  A black bear skeleton (Lair:1)
  Ijyb (D:4)
  A basilisk skeleton (Lair:1)
  5 iguanas
  Natasha (thrice) (D:2)
  2 troll simulacra (IceCv)
  3 polar bear simulacra (IceCv)
  A spriggan simulacrum (IceCv)
  25 worker ants
  2 killer bee zombies (Crypt:3)
  2 porcupine skeletons
  2 wolf simulacra (IceCv)
  A crocodile zombie (Gauntlet)
  4 ogre zombies
  4 centaur simulacra (IceCv)
  A crocodile skeleton (Lair:1)
  66 mummies
  2 howler monkey zombies
  3 gnolls (D:8)
  An ogre simulacrum (IceCv)
  A swamp drake zombie (Gauntlet)
  13 adders
  2 naga simulacra (IceCv)
  10 shadow imps
  7 white imps
  7 ufetubi
  2 oozes
  An adder zombie (D:6)
  2 adder skeletons
  3 worms (D:2)
  A barachi skeleton (Crypt:1)
  3 dart slugs (D:3)
  5 leopard geckos
  110 orcs
  13 bats
  8 giant cockroaches
  6 goblins
  6 hobgoblins
  3 quokkas
  A ball python (D:2)
  7 frilled lizards
  A giant cockroach zombie (Crypt:2)
  2 hobgoblin zombies (D:6)
  10 kobolds
  A kobold zombie (Crypt:3)
  A leopard gecko skeleton (D:8)
  7 orc zombies
  A quokka zombie (Crypt:1)
  5 rats
  A butterfly (Lair:3)
  29 plants
  8 spectral weapons
  8 tentacles
3081 creatures vanquished.

Vanquished Creatures (collateral kills)
  2 ancient champions (Tomb:3)
  An orb spider (Spider:2)
  3 wolf spiders
  A jumping spider (Spider:2)
  2 hornets
  7 redbacks
  A tarantella (Spider:1)
  2 soldier ants (Spider:4)
  A worker ant (Spider:4)
20 creatures vanquished.

Vanquished Creatures (others)
  2 vault wardens
  A stone giant (Vaults:4)
  A vampire knight (Crypt:3)
  A red draconian (Depths:3)
  A merfolk javelineer (Shoals:4)
  A fire dragon (Depths:4)
  A yaktaur captain (Vaults:2)
  25 dancing weapons
  A satyr (Shoals:3)
  A shadow wraith (Vaults:4)
  3 skeletal warriors (Crypt:3)
  2 deep elf archers
  An ugly thing (Depths:1)
  A wolf spider (Spider:2)
  A faun (Shoals:4)
  A deep elf mage (Elf:1)
  A vault sentinel (Vaults:1)
  8 yaktaurs
  A jumping spider (Spider:2)
  2 hornets
  A tarantella (Spider:4)
  2 redbacks
  A yak (Lair:1)
  A soldier ant (Spider:4)
  A boggart (Depths:3)
  3 ogres
  2 orc wizards (Elf:2)
  An orc priest (Elf:2)
  A ball lightning (Depths:3)
  4 orcs
  A fungus (Lair:1)
  27 plants
  131 spectral weapons
  17 tentacles
  9 withered plants (Gauntlet)
258 creatures vanquished.

Grand Total: 3359 creatures vanquished

Notes
Turn   | Place    | Note
-------+----------+-------------------------------------------
     0 | D:1      | DildoBatman the Formicid Wizard began the quest for the
                  | Orb.
     0 | D:1      | Reached XP level 1. HP: 13/13 MP: 4/4
    26 | D:1      | Reached skill level 1 in Conjurations
   170 | D:1      | Reached XP level 2. HP: 18/19 MP: 3/6
   747 | D:2      | Reached XP level 3. HP: 24/24 MP: 0/7
   752 | D:2      | Learned a level 3 spell: Conjure Flame
   756 | D:2      | Learned a level 3 spell: Mephitic Cloud
   866 | D:2      | Found a faded altar of an unknown god.
  1022 | D:2      | Noticed Natasha
  1156 | D:2      | Reached skill level 1 in Shields
  1174 | D:2      | Found a deep blue altar of Sif Muna.
  1394 | D:2      | Reached XP level 4. HP: 30/30 MP: 0/8
  1952 | D:3      | Reached XP level 5. HP: 35/35 MP: 4/9
  2722 | D:4      | Noticed Grinder
  2764 | D:4      | Noticed an ogre
  2771 | D:4      | Noticed Eustachio
  3330 | D:5      | Entered Level 5 of the Dungeon
  3410 | D:5      | Reached skill level 1 in Short Blades
  3554 | D:5      | Noticed a phantom
  4144 | D:6      | Found a staircase to the Ecumenical Temple.
  4155 | Temple   | Entered the Ecumenical Temple
  4356 | Temple   | Became a worshipper of Kikubaaqudgha
  4460 | D:5      | Reached XP level 6. HP: 41/41 MP: 3/10
  4569 | D:5      | Got a scorched leather armour
  4580 | D:5      | Identified the +1 leather armour of Issooxil {rPois} (You
                  | found it on level 5 of the Dungeon)
  4662 | D:5      | Noticed a phantom
  4695 | D:5      | Killed a phantom
  4746 | D:4      | Killed a phantom
  4746 | D:4      | Reached skill level 5 in Conjurations
  4746 | D:4      | Reached XP level 7. HP: 26/46 MP: 1/11
  4871 | D:4      | Reached skill level 1 in Poison Magic
  4907 | D:4      | Identified the cursed +0 rapier of Change {pierce, -Tele
                  | Str+6}
  4973 | D:4      | Noticed Ijyb
  4980 | D:4      | Reached * piety under Kikubaaqudgha
  4980 | D:4      | Identified Kikubaaqudgha's Catalogue of Black Rites
                  | (Kikubaaqudgha gifted it to you on level 4 of the Dungeon)
  4980 | D:4      | Received a gift from Kikubaaqudgha
  4980 | D:4      | Reached skill level 1 in Fire Magic
  4980 | D:4      | Reached skill level 1 in Air Magic
  4989 | D:4      | Killed Ijyb
  4996 | D:4      | Learned a level 3 spell: Regeneration
  4999 | D:4      | Learned a level 2 spell: Sublimation of Blood
  5119 | D:4      | Reached XP level 8. HP: 31/52 MP: 12/12
  5163 | D:4      | Found a shimmering altar of Xom.
  5164 | D:4      | Found a shimmering altar of Xom.
  5164 | D:4      | Found a shimmering altar of Xom.
  5164 | D:4      | Found a shimmering altar of Xom.
  5164 | D:4      | Found a shimmering altar of Xom.
  5164 | D:4      | Found a shimmering altar of Xom.
  5165 | D:4      | Found a shimmering altar of Xom.
  5166 | D:4      | Found a shimmering altar of Xom.
  5239 | D:4      | Killed Eustachio
  5589 | D:3      | Killed Grinder
  5641 | D:2      | Killed Natasha
  5661 | D:2      | Noticed Natasha
  5666 | D:2      | Killed Natasha
  5705 | D:2      | Noticed Natasha
  5710 | D:2      | Killed Natasha
  6069 | D:6      | Reached XP level 9. HP: 57/57 MP: 4/13
  6105 | D:6      | Reached skill level 5 in Poison Magic
  6114 | D:6      | Reached ** piety under Kikubaaqudgha
  6846 | D:7      | Noticed a hippogriff
  6855 | D:7      | Killed a hippogriff
  6855 | D:7      | Reached skill level 1 in Charms
  6855 | D:7      | Reached skill level 1 in Necromancy
  7094 | D:7      | Reached *** piety under Kikubaaqudgha
  7094 | D:7      | Identified Kikubaaqudgha's Catalogue of Darkness
                  | (Kikubaaqudgha gifted it to you on level 7 of the Dungeon)
  7094 | D:7      | Received a gift from Kikubaaqudgha
  7282 | D:7      | Found an opulent altar of Gozag.
  7368 | D:8      | Noticed Erica
  7380 | D:8      | Killed Erica
  7380 | D:8      | Reached XP level 10. HP: 63/63 MP: 10/14
  7420 | D:8      | Reached skill level 5 in Necromancy
  7637 | D:8      | Reached **** piety under Kikubaaqudgha
  7696 | D:8      | Gained mutation: You are partially covered in iridescent
                  | scales. (AC +2) [potion of mutation]
  7696 | D:8      | Gained mutation: You are dopey. (Int -2) [potion of
                  | mutation]
  7696 | D:8      | Gained mutation: You passively map a small area around you.
                  | [potion of mutation]
  7894 | D:8      | Found a staircase to the Lair.
  8067 | D:9      | Reached skill level 1 in Fighting
  8067 | D:9      | Reached skill level 1 in Armour
  8375 | D:9      | Found Kaudaro's Antique Weapon Shoppe.
  8444 | D:9      | Reached XP level 11. HP: 48/72 MP: 6/17
  8594 | D:9      | Found an ornate altar of the Wu Jian Council.
  8595 | D:9      | Found a burning altar of Makhleb.
  8685 | D:10     | Entered Level 10 of the Dungeon
  8723 | D:10     | Noticed Josephine
  8933 | D:9      | Killed Josephine
  8933 | D:9      | Reached skill level 5 in Stealth
  8933 | D:9      | Reached skill level 5 in Shields
  9044 | D:10     | Reached ***** piety under Kikubaaqudgha
  9086 | D:10     | Lost mutation: You are dopey. (Int -2) [potion of mutation]
  9086 | D:10     | Lost mutation: You are partially covered in iridescent
                  | scales. (AC +2) [potion of mutation]
  9086 | D:10     | Lost mutation: You passively map a small area around you.
                  | [potion of mutation]
  9086 | D:10     | Gained mutation: You are frail. (-10% HP) [potion of
                  | mutation]
  9086 | D:10     | Gained mutation: You evolve. [potion of mutation]
  9320 | D:10     | Reached skill level 5 in Spellcasting
  9556 | D:10     | Lost mutation: You are frail. (-10% HP) [evolution]
  9589 | D:11     | Found Qeockila's General Store.
  9651 | D:11     | Noticed a two-headed ogre
  9717 | D:11     | Killed a two-headed ogre
  9717 | D:11     | Reached skill level 5 in Fighting
  9717 | D:11     | Reached skill level 5 in Armour
  9720 | D:11     | Found an opulent altar of Gozag.
  9786 | D:11     | Bought a scroll of magic mapping for 38 gold pieces
  9889 | D:11     | Noticed a wizard
  9894 | D:11     | Found a deep blue altar of Sif Muna.
  9937 | D:11     | Killed a wizard
  9945 | D:11     | Reached XP level 12. HP: 84/86 MP: 18/21
 10541 | D:12     | Noticed Jorgrun
 10577 | D:12     | Noticed a two-headed ogre
 10956 | D:12     | Found a staircase to the Orcish Mines.
 10978 | Orc:1    | Entered Level 1 of the Orcish Mines
 11130 | Orc:2    | Entered Level 2 of the Orcish Mines
 11130 | Orc:2    | Noticed a two-headed ogre
 11149 | Orc:1    | Noticed a stone giant
 11176 | Orc:1    | Killed a stone giant
 11235 | Orc:1    | Reached ****** piety under Kikubaaqudgha
 11380 | D:11     | Received a gift from Kikubaaqudgha
 11384 | D:11     | Fell from the grace of Kikubaaqudgha
 11384 | D:11     | Became a worshipper of Gozag Ym Sagoz the Greedy
 11462 | D:8      | Gained mutation: You have an increased reservoir of magic.
                  | (+10% MP) [evolution]
 11495 | D:8      | Learned a level 5 spell: Dispel Undead
 11501 | D:8      | Learned a level 5 spell: Borgnjor's Vile Clutch
 11853 | Orc:1    | Reached skill level 1 in Earth Magic
 11853 | Orc:1    | Reached skill level 1 in Evocations
 11916 | Orc:1    | Found a roughly hewn altar of Beogh.
 12418 | Orc:2    | Noticed a two-headed ogre
 12514 | Orc:1    | Killed a two-headed ogre
 12514 | Orc:1    | Reached skill level 5 in Dodging
 12573 | Orc:2    | Found a staircase to the Elven Halls.
 12582 | Orc:2    | Killed a two-headed ogre
 12582 | Orc:2    | Reached skill level 2 in Earth Magic
 12745 | Orc:2    | Gained mutation: Your mind is acute. (Int +2) [evolution]
 13073 | Orc:2    | Reached XP level 13. HP: 49/93 MP: 8/25
 13473 | Orc:2    | Reached skill level 3 in Earth Magic
 14071 | Orc:2    | Reached skill level 4 in Earth Magic
 14290 | Orc:2    | Found Fopadwue's Armour Emporium.
 14293 | Orc:2    | Found Lisunao's Jewellery Emporium.
 14294 | Orc:2    | Found Dosa Wuj's Book Emporium.
 14295 | Orc:2    | Found Rouduon's Distillery.
 14474 | D:12     | Killed Jorgrun
 14806 | Lair:1   | Entered Level 1 of the Lair of Beasts
 14848 | Lair:1   | Noticed a reaper
 15089 | Lair:1   | Noticed Urug
 15108 | Lair:1   | Killed Urug
 15898 | Lair:2   | Reached skill level 5 in Earth Magic
 16034 | Lair:2   | Reached XP level 14. HP: 101/101 MP: 24/28
 16101 | Lair:2   | Found a gate leading to a gauntlet.
 16106 | Gauntlet | Entered a Gauntlet
 16106 | Gauntlet | Found a transporter.
 16106 | Gauntlet | Found a transporter.
 16110 | Gauntlet | Found a transporter.
 16110 | Gauntlet | Found a transporter.
 16125 | Gauntlet | Found a transporter.
 16136 | Gauntlet | Found a transporter.
 16137 | Gauntlet | Found the +2 pair of boots of the Assassin {Detection Stab+
                  | Stlth++}
 16145 | Gauntlet | Found a transporter.
 16147 | Gauntlet | Found a transporter.
 16147 | Gauntlet | Found a transporter.
 16155 | Gauntlet | Found a transporter.
 16187 | Gauntlet | Found a transporter.
 16205 | Gauntlet | Found a transporter.
 16238 | Gauntlet | Found a transporter.
 16252 | Gauntlet | Found a transporter.
 16363 | Gauntlet | Found a transporter.
 16377 | Gauntlet | Found a transporter.
 16468 | Gauntlet | Gained mutation: You are resistant to hostile enchantments.
                  | (MR+) [evolution]
 16719 | Gauntlet | Got a pair of steaming boots
 16746 | Gauntlet | Identified the cursed +0 pair of boots of Xom's Supremacy
                  | {rPois} (You found it in a Gauntlet)
 16803 | Gauntlet | Identified the +7 glaive "Min Ocve" {freeze, rN+ MR+}
 16803 | Gauntlet | Identified the cursed +2 arbalest of the Ancient Deaths
                  | {elec, rF+ rC+ Str+6}
 16803 | Gauntlet | Noticed a minotaur
 16819 | Gauntlet | Noticed a reaper
 16925 | Gauntlet | Killed a minotaur
 16945 | Gauntlet | Identified the Volume of Gliding Creation
 16961 | Gauntlet | Got a brightly glowing hand crossbow
 16975 | Lair:2   | Identified the +7 hand crossbow of the Ghost {penet, rC+}
                  | (You found it in a Gauntlet)
 17531 | Lair:2   | Learned a level 3 spell: Spectral Weapon
 17633 | Lair:3   | Noticed Gastronok
 17755 | Lair:3   | Reached skill level 5 in Evocations
 17756 | Lair:3   | Reached skill level 1 in Polearms
 17774 | Lair:3   | Reached skill level 1 in Hexes
 17834 | Lair:3   | Found a staircase to the Shoals.
 17884 | Lair:3   | Killed Gastronok
 17946 | Lair:3   | Found a hole to the Spider Nest.
 18240 | Lair:4   | Got a jewelled ring mail
 18295 | Lair:4   | Found a dark tunnel.
 18314 | Lair:4   | Was forgiven by Kikubaaqudgha
 18315 | Lair:4   | Identified the +2 ring mail of Vynt {rC++ Str+2} (You found
                  | it on level 4 of the Lair of Beasts)
 18393 | Lair:4   | Identified a +2 pair of boots of running (You found it on
                  | level 4 of the Lair of Beasts)
 18443 | Volcano  | Entered a volcano
 18464 | Volcano  | Noticed a red draconian
 18475 | Volcano  | Killed a red draconian
 19424 | Lair:5   | Reached skill level 5 in Charms
 19455 | Lair:5   | Found a staircase to the Slime Pits.
 19951 | Lair:6   | Entered Level 6 of the Lair of Beasts
 20070 | Lair:6   | Reached XP level 15. HP: 74/107 MP: 2/29
 20277 | Lair:6   | Noticed Nessos
 20289 | Lair:6   | Killed Nessos
 20400 | Lair:6   | Reached skill level 5 in Hexes
 20511 | Lair:6   | Reached skill level 10 in Fighting
 20511 | Lair:6   | Reached skill level 10 in Armour
 20650 | Lair:6   | Reached skill level 5 in Polearms
 21042 | D:11     | Bought a potion of curing for 33 gold pieces
 21042 | D:11     | Bought 2 potions of agility for 88 gold pieces
 21187 | Orc:2    | Bought a potion of curing for 45 gold pieces
 21187 | Orc:2    | Bought a potion of mutation for 120 gold pieces
 21187 | Orc:2    | Bought a potion of agility for 60 gold pieces
 21187 | Orc:2    | Bought a potion of cancellation for 120 gold pieces
 21187 | Orc:2    | Bought a potion of heal wounds for 75 gold pieces
 21187 | Orc:2    | Bought a potion of curing for 45 gold pieces
 21187 | Orc:2    | Bought a potion of curing for 45 gold pieces
 21189 | Orc:2    | Bought the ring of Peschu {rF++ rN+ EV+6 Dex+2} for 1183
                  | gold pieces
 21348 | D:11     | Bought the ring of the Mage {Wiz MR++ Int+3} for 568 gold
                  | pieces
 21348 | D:11     | Found the ring of the Mage {Wiz MR++ Int+3}
 21556 | D:13     | Reached skill level 6 in Earth Magic
 21804 | D:13     | Found Foucesche's General Store.
 21807 | D:13     | Bought a scroll of identify for 32 gold pieces
 21807 | D:13     | Bought a scroll of identify for 32 gold pieces
 21955 | D:13     | Reached skill level 7 in Earth Magic
 21999 | D:13     | Found a gate to the Vaults.
 22387 | D:14     | Reached XP level 16. HP: 112/115 MP: 31/31
 22639 | D:14     | Reached skill level 8 in Earth Magic
 23414 | D:15     | Entered Level 15 of the Dungeon
 23414 | D:15     | Noticed Kirke
 23513 | D:14     | Killed Kirke
 23613 | D:15     | Reached skill level 9 in Earth Magic
 23652 | D:15     | Reached skill level 10 in Spellcasting
 23770 | D:15     | Reached skill level 10 in Earth Magic
 24040 | D:15     | Found a staircase to the Depths.
 24928 | Orc:2    | Bought an uncursed ring of poison resistance for 220 gold
                  | pieces
 25183 | Spider:1 | Entered Level 1 of the Spider Nest
 25191 | Spider:1 | Reached XP level 17. HP: 121/121 MP: 30/36
 25447 | Spider:1 | Gained mutation: You expend magic power (3 MP) to
                  | strengthen your wands. [evolution]
 26354 | Spider:2 | Found a frozen archway.
 26359 | Spider:2 | Reached skill level 11 in Earth Magic
 26393 | IceCv    | Entered an ice cave
 26853 | IceCv    | Noticed an Ice Fiend
 27017 | IceCv    | Killed an Ice Fiend
 27036 | IceCv    | Got a pair of fine gloves
 27116 | Spider:2 | Identified the +1 pair of gloves of Disguise {rN++} (You
                  | found it in an ice cave)
 27557 | Spider:3 | Reached XP level 18. HP: 129/134 MP: 26/39
 27620 | Spider:3 | Reached skill level 12 in Earth Magic
 27674 | Spider:3 | Reached skill level 10 in Necromancy
 27868 | Spider:3 | Found a runed translucent gate.
 27871 | Spider:3 | Found a runed translucent gate.
 27872 | Spider:3 | Found a runed translucent gate.
 27924 | Spider:3 | Noticed Hanswurst's ghost (adept HOWr)
 27952 | Spider:3 | Noticed Arachne
 28050 | Spider:3 | Killed Arachne
 28249 | Spider:3 | Killed Hanswurst's ghost
 28319 | Spider:4 | Entered Level 4 of the Spider Nest
 28464 | Spider:4 | Reached skill level 15 in Spellcasting
 28973 | Spider:4 | Noticed Donald
 29001 | Spider:4 | Killed Donald
 29292 | Spider:4 | Reached XP level 19. HP: 86/140 MP: 26/42
 29457 | Spider:4 | Got a gossamer rune of Zot
 29518 | Spider:4 | Lost mutation: Your mind is acute. (Int +2) [evolution]
 29518 | Spider:4 | Lost mutation: You evolve. [end of evolution]
 29546 | Spider:4 | Lost mutation: You expend magic power (3 MP) to strengthen
                  | your wands. [potion of mutation]
 29546 | Spider:4 | Lost mutation: You are resistant to hostile enchantments.
                  | (MR+) [potion of mutation]
 29546 | Spider:4 | Gained mutation: You occasionally shout uncontrollably at
                  | your foes. [potion of mutation]
 29546 | Spider:4 | Gained mutation: You evolve. [potion of mutation]
 29721 | Shoals:1 | Entered Level 1 of the Shoals
 30246 | Shoals:1 | Reached skill level 5 in Air Magic
 30358 | Shoals:2 | You fall through a shaft!
 30756 | Shoals:3 | Learned a level 5 spell: Silence
 31182 | Shoals:4 | Entered Level 4 of the Shoals
 31406 | Shoals:4 | Found the ring of Shadows {Umbra +Inv Stlth+}
 31718 | Shoals:4 | Reached skill level 10 in Hexes
 31813 | Shoals:4 | Reached XP level 20. HP: 97/148 MP: 10/44
 32081 | Shoals:4 | Got a barnacled rune of Zot
 32356 | Shoals:4 | Got a crystal great sword
 32603 | Shoals:4 | Identified the cursed +0 great sword of Misery {slice, MR+}
                  | (You found it on level 4 of the Shoals)
 32919 | Shoals:2 | Reached skill level 10 in Shields
 33726 | D:13     | Bought a ration for 80 gold pieces
 33726 | D:13     | Bought a ration for 80 gold pieces
 33922 | D:12     | Gained mutation: You are frail. (-10% HP) [evolution]
 33975 | Elf:1    | Entered Level 1 of the Elven Halls
 34018 | Elf:1    | Found Vanarug's Gadget Emporium.
 34424 | Elf:1    | Identified the Almanac of Conjuration
 34898 | Elf:2    | Found a huge runed translucent gate.
 34898 | Elf:2    | Found a huge runed translucent gate.
 34898 | Elf:2    | Found a huge runed translucent gate.
 34898 | Elf:2    | Found a huge runed translucent gate.
 34901 | Elf:2    | Found a huge runed translucent gate.
 35210 | Elf:2    | Reached XP level 21. HP: 141/141 MP: 24/45
 35981 | Elf:2    | Reached skill level 10 in Dodging
 36100 | Elf:3    | Entered Level 3 of the Elven Halls
 36611 | Elf:3    | Noticed a Tzitzimitl
 36851 | Elf:3    | Identified the Guide on Flight and Talismans
 36858 | Elf:3    | Got a brightly glowing tin ring
 36863 | Elf:3    | Got a smoking copper amulet
 36889 | Elf:3    | Got a faintly glowing wooden ring
 36915 | Elf:3    | Identified the amulet "Fouhoul" {Reflect rElec Str+6 SH+6}
                  | (You found it on level 3 of the Elven Halls)
 36920 | Elf:3    | Identified the ring of Jykhlaowea {*Tele Str+3 Int+5} (You
                  | found it on level 3 of the Elven Halls)
 36922 | Elf:3    | Identified the ring of Liberty {*Tele Int+4} (You found it
                  | on level 3 of the Elven Halls)
 36946 | Elf:3    | Got a pitted trident
 36949 | Elf:3    | Got a warped hunting sling
 36954 | Elf:3    | Got a steaming scale mail
 36963 | Elf:3    | Got an iridescent short sword
 37127 | Elf:3    | Gained mutation: You are partially covered in yellow
                  | scales. (AC +2) [evolution]
 37459 | Elf:3    | Reached skill level 15 in Necromancy
 37760 | D:8      | Identified the cursed +1 trident of Blood {elec, *Noise
                  | Int+8 Dex+4 Stlth+} (You found it on level 3 of the Elven
                  | Halls)
 37765 | D:8      | Identified the cursed +1 hunting sling of Wrath {freeze,
                  | rC+ Str+2} (You found it on level 3 of the Elven Halls)
 37769 | D:8      | Identified the cursed +0 short sword "Ceapiosmi" {pierce,
                  | Int+3} (You found it on level 3 of the Elven Halls)
 38303 | D:13     | Learned a level 8 spell: Necromutation
 38306 | Vaults:1 | Entered Level 1 of the Vaults
 38416 | Vaults:1 | Reached XP level 22. HP: 148/148 MP: 43/46
 39410 | Vaults:1 | Noticed Asterion
 39424 | Vaults:1 | Killed Asterion
 39820 | Vaults:2 | Reached skill level 15 in Shields
 40136 | Vaults:2 | Found a portal to a secret trove of treasure.
 40812 | Vaults:2 | Reached XP level 23. HP: 145/153 MP: 36/47
 41113 | Vaults:3 | Found a flickering gateway to a bazaar.
 41138 | Vaults:3 | Reached skill level 1 in Transmutations
 41179 | Bazaar   | Entered a bazaar
 41196 | Bazaar   | Found Olaem's Antique Armour Emporium.
 41196 | Bazaar   | Found Sakk's Assorted Antiques.
 41200 | Bazaar   | Bought a blackened shield for 256 gold pieces
 41200 | Bazaar   | Bought a steaming robe for 153 gold pieces
 41206 | Bazaar   | Bought a scroll labeled GUIHER JAIXUT for 17 gold pieces
 41206 | Bazaar   | Bought a scroll labeled OMAHUJ CALI for 17 gold pieces
 41206 | Bazaar   | Bought 2 potions of heal wounds for 170 gold pieces
 41206 | Bazaar   | Bought a wand of clouds (4) for 204 gold pieces
 41206 | Bazaar   | Bought a scroll labeled ZACVAG QEUL for 17 gold pieces
 41230 | Bazaar   | Found Ityutt's General Store.
 41230 | Bazaar   | Found Meageni's General Store.
 41234 | Bazaar   | Bought the +5 demon whip "Spellbinder" {antimagic, MR+} for
                  | 1156 gold pieces
 41234 | Bazaar   | Found the +5 demon whip "Spellbinder" {antimagic, MR+}
 41234 | Bazaar   | Bought a lamp of fire for 560 gold pieces
 41240 | Bazaar   | Bought a scroll of amnesia for 42 gold pieces
 41240 | Bazaar   | Bought a potion of curing for 36 gold pieces
 41240 | Bazaar   | Bought a scroll of fog for 24 gold pieces
 41251 | Bazaar   | Found Bamous's Gadget Emporium.
 41255 | Bazaar   | Bought a wand of acid (6) for 240 gold pieces
 41255 | Bazaar   | Bought a lightning rod (4/4) for 480 gold pieces
 41255 | Bazaar   | Bought a wand of scattershot (7) for 396 gold pieces
 41255 | Bazaar   | Bought a wand of scattershot (6) for 360 gold pieces
 41390 | Vaults:3 | Found a staircase to the Crypt.
 41625 | Vaults:3 | Noticed Aizul
 41636 | Vaults:3 | Killed Aizul
 42449 | Vaults:3 | Identified the +0 robe "Quczomuimo" {rPois rC- rN+} (You
                  | bought it in a shop in a bazaar)
 42471 | Vaults:3 | Identified the +3 shield of Ashenzari's Pride {MR+ Stlth+}
                  | (You bought it in a shop in a bazaar)
 42553 | Vaults:4 | Noticed Mennas
 42659 | Vaults:4 | Killed Mennas
 42659 | Vaults:4 | Reached skill level 5 in Transmutations
 42988 | Orc:2    | Bought a book of Summonings for 1260 gold pieces
 42994 | Orc:2    | Learned a level 5 spell: Aura of Abjuration
 43209 | Vaults:4 | Noticed Bai Suzhen
 43753 | Vaults:4 | Reached skill level 5 in Summonings
 43853 | Vaults:4 | Killed Bai Suzhen
 44110 | Crypt:1  | Entered Level 1 of the Crypt
 44175 | Crypt:1  | Noticed Xtahua
 44200 | Crypt:1  | Killed Xtahua
 44289 | Crypt:1  | Reached XP level 24. HP: 160/160 MP: 40/47
 44318 | Crypt:1  | Found a runed translucent gate.
 44318 | Crypt:1  | Noticed Qemy's ghost (master GnTm)
 44319 | Crypt:1  | Found a runed translucent gate.
 44319 | Crypt:1  | Found an ancient bone altar of Kikubaaqudgha.
 44319 | Crypt:1  | Found a runed translucent gate.
 44319 | Crypt:1  | Noticed an ancient lich
 44319 | Crypt:1  | Noticed RadRoach's ghost (veteran MiBe)
 44319 | Crypt:1  | Noticed RKaid's ghost (legendary GrFi)
 44331 | Crypt:1  | Killed an ancient lich
 44353 | Crypt:1  | Killed RadRoach's ghost
 44375 | Crypt:1  | Killed Qemy's ghost
 44377 | Crypt:1  | Killed RKaid's ghost
 44419 | Crypt:1  | Got a brightly glowing brass ring
 44451 | Crypt:1  | Identified the ring of Guvargh {rF+ MP+9} (You found it on
                  | level 1 of the Crypt)
 44459 | Crypt:1  | Noticed Jory
 44482 | Crypt:1  | Killed Jory
 44761 | Crypt:1  | Reached skill level 10 in Transmutations
 45389 | Crypt:2  | Reached skill level 13 in Earth Magic
 45683 | Crypt:3  | Entered Level 3 of the Crypt
 45969 | Crypt:3  | Reached XP level 25. HP: 73/165 MP: 2/47
 45988 | Crypt:3  | Reached skill level 14 in Earth Magic
 46077 | Crypt:3  | Got a fine silver amulet
 46079 | Crypt:3  | Identified the amulet of Ohous {RegenMP -Tele rPois rN++}
                  | (You found it on level 3 of the Crypt)
 46225 | Crypt:3  | Noticed Sojobo
 46289 | Crypt:3  | Killed Sojobo
 46397 | Crypt:3  | Found a basalt altar of Yredelemnul.
 46420 | Crypt:3  | Identified Kikubaaqudgha's Catalogue of Black Arts
 46540 | Crypt:3  | Reached skill level 15 in Earth Magic
 46727 | Crypt:3  | Noticed an ancient lich
 46749 | Crypt:3  | Killed an ancient lich
 46947 | Crypt:3  | Noticed Saint Roka
 46958 | Crypt:3  | Reached skill level 16 in Earth Magic
 46964 | Crypt:3  | Killed Saint Roka
 47305 | Crypt:3  | Found a staircase to the Tomb.
 47448 | Tomb:1   | Entered Level 1 of the Tomb of the Ancients
 47795 | Tomb:1   | Reached XP level 26. HP: 170/170 MP: 37/47
 47806 | Tomb:1   | Gained mutation: You are weak. (Str -2) [evolution]
 47887 | Tomb:1   | Reached skill level 15 in Transmutations
 48226 | Depths:1 | Entered Level 1 of the Depths
 48282 | Depths:1 | Reached skill level 17 in Earth Magic
 48568 | Depths:1 | Found a runed translucent door.
 48670 | Depths:1 | Found a one-way gate leading to the halls of Pandemonium.
 49017 | Depths:1 | Found a gateway to Hell.
 49093 | Depths:1 | Reached skill level 18 in Earth Magic
 49472 | Depths:2 | Got a fine flail
 50031 | Depths:2 | Reached skill level 19 in Earth Magic
 50109 | Depths:2 | Identified the Tome of Blistering Feathers
 50215 | Depths:2 | Identified the Collected Works on Conjuration
 50277 | Depths:3 | Reached XP level 27. HP: 139/176 MP: 31/47
 50791 | Depths:3 | Found a large runed translucent door.
 50803 | Depths:3 | Found a large runed translucent door.
 50872 | Depths:3 | HP: 3/176 [acid (8)]
 50877 | Depths:3 | Reached skill level 20 in Earth Magic
 51633 | Depths:3 | Reached skill level 21 in Earth Magic
 51717 | Depths:3 | Identified the cursed +1 flail "Qumuo" {flame, Stlth+} (You
                  | found it on level 2 of the Depths)
 51779 | Depths:3 | Identified the Compendium of Mezcal
 52044 | Depths:4 | Noticed a juggernaut
 52051 | Depths:4 | Found a runed translucent door.
 52052 | Depths:4 | Killed a juggernaut
 52070 | Depths:4 | Found a runed translucent door.
 52107 | Depths:4 | Reached skill level 22 in Earth Magic
 52174 | Depths:4 | Found a runed translucent door.
 52174 | Depths:4 | Found a runed translucent door.
 52245 | Depths:4 | Got a clouded steel ring
 52295 | Depths:4 | Got a shadowed robe
 52297 | Depths:4 | Got a crude long sword
 52496 | Depths:4 | Found a radiant altar of Vehumet.
 52541 | Depths:4 | Found a one-way gate to the infinite horrors of the Abyss.
 52551 | Depths:4 | Found a gateway to a ziggurat.
 52622 | Depths:4 | Reached skill level 23 in Earth Magic
 53060 | Depths:5 | Entered Level 5 of the Depths
 53431 | Depths:5 | Reached skill level 24 in Earth Magic
 53824 | Depths:5 | Found a gate to the Realm of Zot.
 53846 | Depths:5 | Reached skill level 25 in Earth Magic
 54285 | Depths:5 | Lost mutation: You are weak. (Str -2) [evolution]
 54640 | Depths:4 | Identified the cursed +0 long sword of Temperance {elec,
                  | rF+} (You found it on level 4 of the Depths)
 54651 | Depths:4 | Identified the +1 robe of Dukuefo {*Corrode Str+4 Int+3
                  | Dex+3} (You found it on level 4 of the Depths)
 54654 | Depths:4 | Identified the ring of the Skies Above {Int+3 Stlth+} (You
                  | found it on level 4 of the Depths)
 55404 | Depths:1 | Bought 2 scrolls of identify for 160 gold pieces
 55404 | Depths:1 | Bought a sapphire potion for 36 gold pieces
 55404 | Depths:1 | Bought a crystal morningstar for 360 gold pieces
 55404 | Depths:1 | Bought the +2 cloak of the Thief {+Fog Slay-2 SInv Stlth+}
                  | for 804 gold pieces
 55404 | Depths:1 | Found the +2 cloak of the Thief {+Fog Slay-2 SInv Stlth+}
 55433 | Depths:2 | Identified the cursed +2 morningstar of Benevolence
                  | {antimagic, +Inv +Fly rF++ MR+} (You bought it in a shop on
                  | level 1 of the Depths)
 55595 | Depths:4 | Bought an ancient cloak for 332 gold pieces
 55595 | Depths:4 | Bought a pitted plate armour for 980 gold pieces
 55595 | Depths:4 | Bought a polished plate armour for 980 gold pieces
 55595 | Depths:4 | Bought a heavily runed shield for 332 gold pieces
 55595 | Depths:4 | Bought a polished ring mail for 315 gold pieces
 55597 | Depths:4 | Bought a spiked ring mail for 405 gold pieces
 55599 | Depths:4 | Bought a potion of mutation for 248 gold pieces
 55599 | Depths:4 | Bought a scroll of identify for 62 gold pieces
 55599 | Depths:4 | Bought a scroll labeled OMAHUJ CALI for 31 gold pieces
 55601 | Depths:4 | Bought a scorched leather armour for 245 gold pieces
 55601 | Depths:4 | Bought an ichor-stained leather armour for 245 gold pieces
 55603 | Depths:4 | Bought a translucent leather armour for 308 gold pieces
 55621 | Depths:3 | Identified the +1 cloak of Rotioco {rElec rF+ Str+2 Dex-2}
                  | (You bought it in a shop on level 4 of the Depths)
 55631 | Depths:3 | Identified the cursed +1 plate armour "Boheror" {MP+9} (You
                  | bought it in a shop on level 4 of the Depths)
 55641 | Depths:3 | Identified the +2 shield of Dice, Bag, and Bottle {rPois}
                  | (You bought it in a shop on level 4 of the Depths)
 55652 | Depths:3 | Identified the +5 plate armour of Paranoia {*Drain +Fly
                  | rF+++ Str-2} (You bought it in a shop on level 4 of the
                  | Depths)
 55662 | Depths:3 | Identified the +0 ring mail of Ganidogg {MP+9 Dex+4} (You
                  | bought it in a shop on level 4 of the Depths)
 55672 | Depths:3 | Identified the +3 ring mail "Vuosettil" {Int+4 Slay+5} (You
                  | bought it in a shop on level 4 of the Depths)
 55682 | Depths:3 | Identified the +2 leather armour of the Game of Life {rElec
                  | Int+2 Dex+2} (You bought it in a shop on level 4 of the
                  | Depths)
 55692 | Depths:3 | Identified the +1 leather armour of Tenacity {Str+2 Int+5}
                  | (You bought it in a shop on level 4 of the Depths)
 56584 | Depths:4 | Learned a level 3 spell: Ozocubu's Armour
 56591 | Depths:4 | Learned a level 6 spell: Deflect Missiles
 56595 | Depths:4 | Identified 3 scrolls of acquirement
 56622 | Depths:5 | Got a pair of ichor-stained boots
 56633 | Depths:5 | Identified the +2 pair of boots of the Armoured One {MR+
                  | Str+2 SInv} (You acquired it on level 5 of the Depths)
 56646 | Depths:5 | Found the +3 pair of gauntlets of War {Slay+5}
 56888 | Depths:4 | Lost mutation: You are frail. (-10% HP) [potion of
                  | mutation]
 56888 | Depths:4 | Lost mutation: You occasionally shout uncontrollably at
                  | your foes. [potion of mutation]
 56888 | Depths:4 | Lost mutation: You evolve. [potion of mutation]
 56888 | Depths:4 | Lost mutation: You are partially covered in yellow scales.
                  | (AC +2) [potion of mutation]
 56888 | Depths:4 | Gained mutation: You are partially covered in large bone
                  | plates. (SH +4) [potion of mutation]
 56888 | Depths:4 | Gained mutation: You are resistant to electric shocks.
                  | (rElec) [potion of mutation]
 57116 | Depths:1 | Reached skill level 1 in Ice Magic
 57253 | Depths:1 | Got a sparkling ruby amulet
 57261 | Depths:1 | Identified the amulet "Luceinev" {Spirit +Inv rPois Int-3
                  | Dex+9} (You found it on level 1 of the Depths)
 57707 | Tomb:1   | Noticed a greater mummy
 57717 | Tomb:1   | Killed a greater mummy
 58131 | Tomb:2   | Noticed a greater mummy
 58133 | Tomb:2   | Noticed a greater mummy
 58134 | Tomb:2   | Noticed an ancient lich
 58153 | Tomb:2   | Noticed a greater mummy
 58156 | Tomb:2   | Killed a greater mummy
 58157 | Tomb:2   | Killed an ancient lich
 58158 | Tomb:2   | Killed a greater mummy
 58158 | Tomb:2   | Reached skill level 5 in Ice Magic
 58283 | Tomb:2   | Killed a greater mummy
 58745 | Tomb:1   | Reached skill level 10 in Summonings
 58750 | Tomb:1   | Noticed a greater mummy
 58758 | Tomb:1   | Killed a greater mummy
 58767 | Tomb:1   | Noticed a greater mummy
 58773 | Tomb:1   | Killed a greater mummy
 58773 | Tomb:1   | Reached skill level 10 in Polearms
 58805 | Tomb:1   | Noticed a greater mummy
 58835 | Tomb:1   | Killed a greater mummy
 58891 | Tomb:1   | Noticed a greater mummy
 58892 | Tomb:1   | Noticed a greater mummy
 58900 | Tomb:1   | Killed a greater mummy
 58934 | Tomb:1   | Killed a greater mummy
 58952 | Tomb:1   | Noticed a greater mummy
 58965 | Tomb:1   | Killed a greater mummy
 58967 | Tomb:1   | Noticed a greater mummy
 59043 | Tomb:1   | Killed a greater mummy
 59043 | Tomb:1   | Reached skill level 10 in Evocations
 59085 | Tomb:1   | Noticed a greater mummy
 59090 | Tomb:1   | Noticed a greater mummy
 59094 | Tomb:1   | Killed a greater mummy
 59147 | Tomb:1   | Noticed a greater mummy
 59148 | Tomb:1   | Noticed a greater mummy
 59149 | Tomb:1   | Killed a greater mummy
 59153 | Tomb:1   | Noticed a greater mummy
 59157 | Tomb:1   | Killed a greater mummy
 59225 | Tomb:1   | Killed a greater mummy
 59282 | Tomb:1   | Noticed a greater mummy
 59290 | Tomb:1   | Noticed a greater mummy
 59295 | Tomb:1   | Killed a greater mummy
 59297 | Tomb:1   | Killed a greater mummy
 59320 | Tomb:1   | Noticed a greater mummy
 59340 | Tomb:1   | Killed a greater mummy
 59372 | Tomb:1   | Noticed a greater mummy
 59385 | Tomb:1   | Killed a greater mummy
 59385 | Tomb:1   | Noticed a greater mummy
 59397 | Tomb:1   | Killed a greater mummy
 59643 | Tomb:3   | Entered Level 3 of the Tomb of the Ancients
 59684 | Tomb:3   | Noticed a greater mummy
 59780 | Tomb:3   | Noticed a greater mummy
 59782 | Tomb:3   | Reached skill level 10 in Ice Magic
 59783 | Tomb:3   | Noticed a greater mummy
 59786 | Tomb:3   | Noticed a greater mummy
 59789 | Tomb:3   | Noticed a greater mummy
 59790 | Tomb:3   | Noticed a greater mummy
 59794 | Tomb:3   | Noticed a greater mummy
 59797 | Tomb:3   | Noticed a greater mummy
 59799 | Tomb:3   | Killed a greater mummy
 59803 | Tomb:3   | Killed a greater mummy
 59804 | Tomb:3   | Killed a greater mummy
 59808 | Tomb:3   | Noticed a greater mummy
 59809 | Tomb:3   | Killed a greater mummy
 59814 | Tomb:3   | Killed a greater mummy
 59816 | Tomb:3   | Killed a greater mummy
 59817 | Tomb:3   | Killed a greater mummy
 59817 | Tomb:3   | Killed a greater mummy
 59817 | Tomb:3   | Reached skill level 26 in Earth Magic
 59832 | Tomb:3   | Killed a greater mummy
 60236 | Tomb:3   | Got a vibrating lapis lazuli ring
 60237 | Tomb:3   | Identified the Papyrus of Intoxication and the Blaze
 60239 | Tomb:3   | Identified the Disquisition on Battle Magic and the Voyage
 60244 | Tomb:3   | Got a flickering golden ring
 60256 | Tomb:3   | Found the -2 hat of the Alchemist {rElec rPois rF+ rC+ rN+
                  | MR+ rMut rCorr}
 60265 | Tomb:3   | Identified the Compendium of Congealing Flames
 60316 | Tomb:3   | Got a golden rune of Zot
 60381 | Tomb:3   | Got a faintly glowing halberd
 60401 | Tomb:3   | Identified the cursed +1 halberd "Kocuosi" {chaos, rElec}
                  | (You found it on level 3 of the Tomb of the Ancients)
 60418 | Tomb:3   | Identified the ring "Xaril" {rC+ Dex+6} (You found it on
                  | level 3 of the Tomb of the Ancients)
 60420 | Tomb:3   | Identified the ring of Difuuhuf {rN+ Str+6 Dex-3} (You
                  | found it on level 3 of the Tomb of the Ancients)
 60429 | Tomb:3   | Got a distressingly furry cloak
 60441 | Tomb:3   | Identified the +1 cloak of Oblivion {+Blink rElec Int+7
                  | Dex-5} (You acquired it on level 3 of the Tomb of the
                  | Ancients)
 60722 | Tomb:1   | Killed a greater mummy
 60821 | Vaults:5 | Entered Level 5 of the Vaults
 60948 | Vaults:4 | Noticed Boris
 60959 | Vaults:4 | Killed Boris
 61068 | Vaults:5 | Identified the +9 falchion "Rodghaunu" {holy, +Rage Str+2
                  | SInv Stlth-}
 61654 | Vaults:5 | Identified the cursed +2 fustibalus "Lafeofy" {flame, MR+}
 62092 | Vaults:5 | Got a silver rune of Zot
 62094 | Vaults:5 | Got a faintly glowing spear
 62213 | Vaults:5 | Reached skill level 10 in Air Magic
 62261 | Vaults:5 | Found Fezyez's Distillery.
 62261 | Vaults:5 | Found Watylips's Distillery.
 62268 | Vaults:5 | Bought a potion of mutation for 112 gold pieces
 62268 | Vaults:5 | Bought a potion of mutation for 112 gold pieces
 62275 | Vaults:5 | Bought a potion of heal wounds for 70 gold pieces
 62275 | Vaults:5 | Bought a potion of heal wounds for 70 gold pieces
 62275 | Vaults:5 | Bought a potion of heal wounds for 70 gold pieces
 62275 | Vaults:5 | Bought a potion of mutation for 112 gold pieces
 62285 | Vaults:5 | Found Siowkorph's Magic Scroll Shop.
 62289 | Vaults:5 | Bought a scroll of identify for 46 gold pieces
 62289 | Vaults:5 | Bought a scroll of identify for 46 gold pieces
 62289 | Vaults:5 | Bought a scroll of identify for 46 gold pieces
 62422 | Vaults:5 | Identified the cursed +3 great sword of the Lettuce
                  | {freeze, *Slow Int+2 Dex+4}
 62611 | Vaults:5 | Reached skill level 27 in Earth Magic
 63164 | Depths:4 | Identified the +7 spear of Unreason {venom, -Tele rElec
                  | Str+4} (You found it on level 5 of the Vaults)
 63308 | Depths:4 | Learned a level 8 spell: Chain Lightning
 63786 | Slime:1  | Entered Level 1 of the Pits of Slime
 65870 | Slime:3  | Blown up by an eye of devastation

Skill      XL: |  1  2  3  4  5  6  7  8  9 10 11 12 13 14 15 16 17 18 19 20 21 22 23 24 25 26 27 |
---------------+----------------------------------------------------------------------------------+-----
Conjurations   | 1 2 3 5 6 8 |  8.9
Shields        | 2 3 4 5 7 8 9 11 13 15 | 15.0
Short Blades   | 1 2 4 |  4.0
Stealth        | 3 4 6 |  6.0
Poison Magic   | 2 4 8 |  8.1
Fire Magic     | 1 3 4 |  4.0
Air Magic      | 1 3 4 6 12 | 12.2
Charms         | 3 4 5 6 8 |  8.1
Necromancy     | 3 6 7 8 9 12 13 15 17 18 19 | 19.0
Dodging        | 2 3 5 6 7 8 9 10 | 10.0
Fighting       | 2 5 7 8 9 10 11 12 | 12.0
Armour         | 2 5 7 8 9 10 11 12 | 12.0
Spellcasting   | 4 6 7 8 9 12 14 15 16 20 | 20.0
Earth Magic    | 2 5 7 10 11 12 13 16 19 27 | 27.0
Evocations     | 2 4 6 12 | 12.0
Polearms       | 3 6 8 10 | 10.0
Hexes          | 4 6 10 | 10.0
Transmutations | 7 12 14 17 19 | 19.0
Summonings     | 6 8 10 | 10.0
Ice Magic      | 10 | 10.1
Translocations | |  0.8

Action                   |  1- 3 |  4- 6 |  7- 9 | 10-12 | 13-15 | 16-18 | 19-21 | 22-24 | 25-27 || total
-------------------------+-------+-------+-------+-------+-------+-------+-------+-------+-------++-------
Melee: Unarmed           |     4 |       |       |       |       |       |       |       |       ||     4
       Club              |     2 |       |       |       |       |       |       |       |       ||     2
       Dagger            |     3 |    97 |   220 |   770 |   499 |       |       |       |       ||  1589
       Glaive            |       |       |       |       |   455 |   873 |   706 |   825 |  1973 ||  4832
       Trident           |       |       |       |       |       |       |       |       |    22 ||    22
       Staff             |       |       |       |       |       |       |       |       |     1 ||     1
Throw: Stone             |       |     8 |       |       |       |       |       |       |       ||     8
 Cast: Magic Dart        |    69 |    73 |    60 |    49 |    12 |       |       |       |       ||   263
       Mephitic Cloud    |       |     4 |    19 |    65 |    45 |    60 |    22 |    10 |     8 ||   233
       Conjure Flame     |       |     2 |     4 |    29 |    53 |    27 |     2 |    17 |    25 ||   159
       Regeneration      |       |       |     2 |    22 |    26 |    34 |    63 |    35 |   104 ||   286
       Sublimation of Bl |       |       |       |     3 |     7 |    10 |    33 |    22 |    23 ||    98
       Spectral Weapon   |       |       |       |       |    69 |   119 |   142 |   130 |   251 ||   711
       Borgnjor's Vile C |       |       |       |       |    47 |    55 |   181 |   123 |   504 ||   910
       Dispel Undead     |       |       |       |       |       |     7 |       |    54 |   106 ||   167
       Aura of Abjuratio |       |       |       |       |       |       |       |     2 |    29 ||    31
       Necromutation     |       |       |       |       |       |       |       |       |    88 ||    88
       Ozocubu's Armour  |       |       |       |       |       |       |       |       |    18 ||    18
Invok: Receive Necronomi |       |       |       |     1 |       |       |       |       |       ||     1
       Potion Petition   |       |       |       |       |       |       |     3 |     4 |    11 ||    18
       Call Merchant     |       |       |       |       |       |       |       |       |     6 ||     6
 Abil: Dig               |     1 |    10 |     6 |    31 |    38 |    23 |    14 |       |    54 ||   177
       End Transformatio |       |       |       |       |       |       |       |       |    17 ||    17
       Evoke Fog         |       |       |       |       |       |       |       |       |    11 ||    11
Evoke: Phial of floods   |       |       |       |       |       |     2 |     1 |       |     1 ||     4
       Wand              |       |       |       |       |       |     1 |     8 |       |     9 ||    18
       Sack of spiders   |       |       |       |       |       |       |       |     2 |     4 ||     6
       Staff of energy   |       |       |       |       |       |       |       |       |    27 ||    27
       Lamp of fire      |       |       |       |       |       |       |       |       |     7 ||     7
       Lightning rod     |       |       |       |       |       |       |       |       |     4 ||     4
       Box of beasts     |       |       |       |       |       |       |       |       |     2 ||     2
       Phantom mirror    |       |       |       |       |       |       |       |       |     2 ||     2
  Use: Scroll            |       |     5 |     8 |     4 |     8 |     1 |     7 |     2 |    29 ||    64
       Potion            |       |       |       |     3 |       |     2 |     5 |     4 |    13 ||    27
 Stab: Sleeping          |       |     3 |     2 |     6 |    14 |     4 |     3 |     4 |     4 ||    40
       Confused          |       |     2 |    11 |    33 |    29 |    27 |     6 |     1 |     2 ||   111
       Distracted        |       |       |       |     1 |    18 |    10 |    15 |     8 |    33 ||    85
       Invisible         |       |       |       |       |       |       |       |     1 |     4 ||     5
  Eat: Chunk             |     1 |     8 |    12 |    20 |       |       |       |       |       ||    41
       Ration            |       |     1 |       |     4 |    14 |    10 |    11 |     8 |    16 ||    64
Armor: Robe              |     1 |    13 |       |    17 |       |       |       |       |       ||    31
       Leather armour    |       |     5 |    44 |     5 |       |       |       |       |       ||    54
       Troll leather arm |       |       |       |   114 |   180 |   256 |   138 |   100 |   521 ||  1309
       Ring mail         |       |       |       |       |     2 |       |       |       |       ||     2
Dodge: Dodged            |    21 |    56 |    71 |   278 |   491 |   849 |   456 |   321 |  1324 ||  3867
Block: Buckler           |     3 |    32 |    38 |   181 |   249 |   288 |       |       |       ||   791
       Shield            |       |       |       |       |       |     4 |   449 |   384 |  1199 ||  2036
       Reflection        |       |       |       |       |       |       |    79 |    69 |    11 ||   159
       Large shield      |       |       |       |       |       |       |       |   489 |   863 ||  1352
